 Dungeon Crawl Stone Soup version 0.29-a0-914-g906f1d757c (webtiles) character file.

Game seed: 15612184665779385905

20 lenn0rt the Chucker (level 2, 0/19 HPs)
             Began as a Demonspawn Wanderer on July 26, 2022.
             Slain by a jackal (2 damage)
             ... on level 1 of the Dungeon.
             The game lasted 00:01:33 (640 turns).

lenn0rt the Chucker (Demonspawn Wanderer)            Turns: 640, Time: 00:01:34

Health: 0/19       AC:  2    Str: 11    XL:     2   Next: 58%
Magic:  1/5        EV: 11    Int: 11    God:
Gold:   30         SH:  0    Dex: 15    Spells: 4/5 levels left

rFire   . . .      SeeInvis .   a - +2 dagger
rCold   . . .      Faith    .   (no shield)
rNeg    . . .      Spirit   .   e - +0 robe
rPois   .          Reflect  .   (no helmet)
rElec   .          Harm     .   (no cloak)
rCorr   .          Rampage  .   (no gloves)
Will    .....                   (no boots)
Stlth   +.........              (no amulet)
HPRegen 0.06/turn               (no ring)
MPRegen 0.09/turn               (no ring)

@: no status effects
A: claws 1
a: no special abilities


You were on level 1 of the Dungeon.
You visited 1 branch of the dungeon, and saw 1 of its levels.

You collected 30 gold pieces.

Inventory:

Hand Weapons
 a - a +2 dagger (weapon)
Missiles
 b - 2 curare-tipped darts
Armour
 e - a +0 robe (worn)
Scrolls
 c - a scroll of teleportation
 h - a scroll of acquirement {unknown}
Potions
 d - a potion of curing
 f - 2 potions of lignification {unknown}
 g - 2 potions of flight {unknown}


   Skills:
 + Level 4.9 Throwing
 + Level 2.3 Spellcasting
 + Level 1.0 Conjurations
 + Level 0.1 Fire Magic
 + Level 1.2 Invocations
 + Level 1.0 Evocations


You had 4 spell levels left.
You knew the following spells:

 Your Spells              Type           Power      Damage    Failure   Level
a - Foxfire               Conj/Fire      8%         2x1d4     22%         1

Your spell library contained the following spells:

 Spells                   Type           Power      Damage    Failure   Level
 Dazzling Flash           Conj/Hex       4%         N/A       56%         3


Dungeon Overview and Level Annotations

Branches:
Dungeon (1/15)

Altars:


Innate Abilities, Weirdness & Mutations

You have sharp fingernails.


Message History

A jackal comes into view.
A jackal is nearby!
A jackal comes into view.
The jackal barks! x2
A jackal comes into view.
A jackal and a hobgoblin come into view.
The jackal barks! x2; The hobgoblin shouts!
The jackal barely misses you.
You hit the jackal but do no damage. The jackal closely misses you. x2
The jackal bites you. x2
You hit the jackal.
You kill the jackal!
The jackal barely misses you.
You conjure some foxfire!
The jackal barely misses you. The jackal closely misses you.
The jackal misses you. The jackal bites you. x2
You conjure some foxfire!
The foxfire hits the jackal.
The jackal is moderately wounded.
The foxfire hits the jackal.
The jackal is lightly wounded.
The jackal bites you. x3
The jackal attacks as you move away!
The jackal bites you but does no damage.
The foxfire hits the jackal.
The jackal is heavily wounded.
The foxfire hits the jackal.
The jackal is severely wounded.
The jackal attacks as you move away! The jackal barely misses you.
The jackal bites you but does no damage.
The jackal bites you. The jackal bites you.
* * * LOW HITPOINT WARNING * * *
The jackal closely misses you. x2
The jackal attacks as you move away! The jackal bites you.
* * * LOW HITPOINT WARNING * * *
Your magical contamination has completely faded away.
The jackal bites you but does no damage.
The jackal attacks as you move away! The jackal bites you.
* * * LOW HITPOINT WARNING * * *
The jackal closely misses you. The jackal bites you.
You die...

#........#
#.# ######
#........#
#.# #.....
#.)......#
#.# #.####
#?...)...#
#.# #.#...
#$.......#
#.# #.#.#.
####...g##
#.# #.#.#.
#.....#
#.####...##
#..hhh##
#...####...
#####@.#
#.......###
##.#
#....##.##⌠
#.##
#....##.##.
#..#
#.......##.
##.#
#.###..###.
#.# #.#
#.####⌠
#.## #.#
##..#.#
#..# #.#
###.## ##.#
#.# ###


You could see 3 jackals and a hobgoblin.

Vanquished Creatures
  A gnoll (D:1)
  A dart slug (D:1)
  An endoplasm (D:1)
  A giant cockroach (D:1)
  A goblin (D:1)
  A jackal (D:1)
  A ball python (D:1)
  A kobold (D:1)
8 creatures vanquished.

Vanquished Creatures (others)
  19 foxfires (D:1)
19 creatures vanquished.

Grand Total: 27 creatures vanquished

Notes
Turn   | Place    | Note
-------+----------+-------------------------------------------
     0 | D:1      | lenn0rt the Demonspawn Wanderer began the quest for the
                  | Orb.
     0 | D:1      | lenn0rt set off with the following items: a +2 dagger, 2
                  | curare-tipped darts, a scroll of teleportation, a potion of
                  | curing, a +0 robe; and the following spell memorised:
                  | Foxfire; and the following spells available to memorise:
                  | Dazzling Flash.
     0 | D:1      | Reached XP level 1. HP: 13/13 MP: 3/3
   258 | D:1      | Gained mutation: You have sharp fingernails. [demonic
                  | ancestry]
   258 | D:1      | Reached XP level 2. HP: 7/19 MP: 0/5
   563 | D:1      | Found a faded altar of an unknown god.
   640 | D:1      | Slain by a jackal

Illustrated notes

Levels and vault maps discovered:
D:1:      amcnicky_arrival_gap_in_the_tavern_cellar, layout_basic,
          shapermc_ecumenical_altar_notcrosses

Action                   || total
-------------------------++-------
Melee: Dagger            ||     9
Throw: Dart              ||     2
 Cast: Foxfire           ||    10
Armor: Robe              ||     3
Dodge: Dodged            ||    22

Table legend: (Time is in decaauts)
 A = Elapsed time spent in this place.
 B = Non-inter-level travel time spent in this place.
 C = Inter-level travel time spent in this place.
 D = Time resting spent in this place.
 E = Time spent auto-exploring this place.
 F = Levels seen in this place.
 G = Mean time per level.
                   A        B        C        D        E       F      G
               +--------+--------+--------+--------+--------+-----+--------+
         Total |    640 |    640 |      0 |    188 |    372 |   1 |  640.0 |
       Dungeon |    640 |    640 |      0 |    188 |    372 |   1 |  640.0 |
               +--------+--------+--------+--------+--------+-----+--------+

Top non-repeatable levels by time:
     D:1: 640 daAuts
